[Event "Early-Titled-Tuesday-Blitz-October-03-2023"]
[Site "Chess.com"]
[Date "2023.10.03"]
[Round "8"]
[White "ContrVersia"]
[Black "Fantastic_Power"]
[Result "0-1"]
[WhiteElo "2888"]
[BlackElo "2798"]
[TimeControl "180+1"]
[EndTime "9:30:48 PDT"]
[Termination "Fantastic_Power won by resignation"]

1. Nf3 c5 2. c4 g6 3. d4 Bg7 4. e4 Nc6 5. dxc5 Qa5+ 6. Bd2 Qxc5 7. Nc3 Nf6 8. Be2 d6 9. h3 Qb6 10. Rb1 O-O 11. O-O Qd8 12. Be3 Be6 13. Qd2 Rc8 14.
b3 Qa5 15. Rfc1 Rfe8 16. Ng5 Bd7 17. Ra1 Ne5 18. f4 Nc6 19. a3 Qd8 20. b4 e5 21.
Qxd6 exf4 22. Qxf4 h6 23. Nf3 g5 24. Qd6 Nxe4 25. Qd3 Bf5 26. Qxd8 Rcxd8 27. Nd5 Bxa1 28. Rxa1 Kg7 29. Bf1 Nc3 30. Nxc3 Rxe3 31. Nd5 Ree8 32. Nc7 Re3 33. Nd5 Re6 34. b5 Ne7 35. Nd4 Re5 36. Nf3 Re6 37. Nd4 Re5 38. Nf3 Rexd5 39. cxd5 Nxd5 40.
Rd1 Rd7 41. Re1 Re7 42. Rc1 Ne3 43. a4 Nxf1 44. Kxf1 Bd3+ 45. Kg1 Re2 46. Rc7 Be4 47. Kf1 Ra2 48. Ne5 Bxg2+ 49. Ke1 Bd5 50. Rd7 Be6 51. Rxb7 Rxa4 52. Nc6 Bxh3 53. Nxa7 Bg2 54. Rc7 h5 55. b6 h4 56. b7 Bxb7 57. Rxb7 h3 58. Kf2 Ra2+ 59. Kg3 g4 60. Nc6 Rg2+ 61. Kh4 h2 62. Rb1 Rg1 0-1

[Event "Early-Titled-Tuesday-Blitz-October-03-2023"]
[Site "Chess.com"]
[Date "2023.10.03"]
[Round "8"]
[White "profedechess93"]
[Black "Shuvalov"]
[Result "1-0"]
[WhiteElo "2637"]
[BlackElo "2463"]
[TimeControl "180+1"]
[EndTime "9:30:49 PDT"]
[Termination "profedechess93 won by resignation"]

1. e4 e6 2. d4 d5 3. Nc3 Bb4 4. e5 c5 5. a3 Bxc3+ 6. bxc3 Ne7 7. Nf3 b6 8. Bb5+ Bd7 9. Bd3 Nbc6 10. h4 h6 11. h5 Qc7 12. O-O O-O 13. Bf4 a6 14.
Qd2 c4 15. Be2 b5 16. g4 Kh7 17. Kh2 Rg8 18. Rg1 a5 19. g5 Nf5 20. g6+ fxg6 21. hxg6+ Kh8 22. Rg4 Rgf8 23. Rag1 Kg8 24. Nh4 Nce7 25. Ng2 Qb6 26. Ne3 b4 27. axb4 axb4 28.
R4g2 bxc3 29. Qc1 Qxd4 30. Ng4 Ra1 31. Qxa1 Qxf4+ 32. Kh3 Qg5 33. Nf6+ gxf6 34. Rxg5 fxg5 35. Bg4 Nxg6 36. Qa3 Nfh4 37. Qd6 Rxf2 38. Bxe6+ Bxe6+ 39. Qxe6+ Kg7 40. Qd7+ Rf7 41. Qd6 Rf3+ 42. Kh2 Rf2+ 43. Kh1 Nf3 44. Qc7+ Kg8 45. e6 Rh2+ 46. Qxh2 Nxh2 47.
Kxh2 Kf8 48. Re1 Ke7 49. Kg3 Nf4 50. Kg4 d4 51. Kf5 d3 52. Re3 d2 53. Rxc3 d1=Q 54.
Ke4 Qd5+ 55. Ke3 Qxe6+ 56. Kd2 Nd5 57. Re3 Qe4 58. Rxe4+ Kd6 59. Rxc4 Ke5 60. Ra4 Kd6 61. Ra5 Ke5 62. c4 h5 63. cxd5 Kd4 64. d6 g4 65. Rxh5 g3 66. Rg5 g2 67. d7 g1=Q 68. d8=Q+ 1-0

[Event "Early-Titled-Tuesday-Blitz-October-03-2023"]
[Site "Chess.com"]
[Date "2023.10.03"]
[Round "8"]
[White "ShiroglanTalibov"]
[Black "Abund"]
[Result "1-0"]
[WhiteElo "2909"]
[BlackElo "2784"]
[TimeControl "180+1"]
[EndTime "9:30:50 PDT"]
[Termination "ShiroglanTalibov won on time"]

1. d4 Nf6 2. c4 e6 3. Nf3 d5 4. g3 dxc4 5. Bg2 c5 6. O-O Nc6 7. Ne5 Bd7 8. Nxc6 Bxc6 9. Bxc6+ bxc6 10. dxc5 Qxd1 11. Rxd1 Bxc5 12. Nd2 O-O-O 13. Rf1 c3 14.
bxc3 Kc7 15. Nc4 Nd5 16. Bd2 f6 17. Kg2 Nb6 18. Be3 Bxe3 19. Nxe3 Rd2 20. Kf3 Na4 21.
Rfc1 Rb8 22. Nc4 Rd5 23. Ne3 Rdd8 24. Rc2 Rb5 25. Rac1 Nc5 26. h4 h5 27. Ng2 e5 28.
Ne3 g6 29. Rg1 Ne6 30. g4 hxg4+ 31. Rxg4 Nf4 32. Ng2 f5 33. Rg5 Nxg2 34. Kxg2 Rd6 35. h5 gxh5 36. Rxf5 Rg6+ 37. Kf3 h4 38. c4 Ra5 39. c5 Rh6 40. Rf7+ Kd8 41. Kg2 Ke8 42.
Rb7 e4 43. Rc4 Re6 44. Rh7 Re5 45. Rxh4 Rxa2 46. e3 Ra5 47. Rhxe4 Rxc5 48. Rxc5 Rxe4 49. Rxc6 Re7 50. Ra6 Kf7 51. Kf1 Rb7 52. Ke2 Re7 53.
f4 Rb7 54. Kf3 Rc7 55. e4 Rb7 56. e5 Rc7 57. Kg4 Rb7 58. Kg5 Rc7 59. f5 Rb7 60. Rh6 Kg7 61. f6+ Kg8 62. Rh1 a5 63. Rd1 Rb5 64. Kg6 Rb8 65. e6 a4 66. e7 a3 67.
Rd8+ 1-0

[Event "Early-Titled-Tuesday-Blitz-October-03-2023"]
[Site "Chess.com"]
[Date "2023.10.03"]
[Round "8"]
[White "Denis_Makhnyov"]
[Black "LeoLV10"]
[Result "1-0"]
[WhiteElo "2917"]
[BlackElo "2577"]
[TimeControl "180+1"]
[EndTime "9:30:53 PDT"]
[Termination "Denis_Makhnyov won by resignation"]

1. e4 c6 2. d4 d5 3. exd5 cxd5 4. Bd3 Nc6 5. c3 Nf6 6. Bf4 g6 7. Nf3 Bg7 8. O-O O-O 9. Re1 Nh5 10. Bg5 f6 11. Be3 e5 12. Be2 Kh8 13. Na3 Nf4 14.
Bxf4 exf4 15. h3 Be6 16. Nh2 Bg8 17. Nc2 Qd6 18. a4 f5 19. a5 Rae8 20. a6 b6 21. Bb5 Rxe1+ 22. Nxe1 h6 23. Nd3 g5 24. Qf3 Ne7 25. Re1 Ng6 26. Qe2 Bf6 27. Nf3 Kg7 28. Nfe5 f3 29. Nxf3 Rf7 30. Qe6 Qd8 31. Qe8 Rf8 32.
Qxd8 Rxd8 33. Nb4 Ne7 34. Ne5 Rc8 35. Nec6 Rc7 36. Nxe7 Bxe7 37. Nc6 Kf6 38. g3 Bf7 39. Ne5 Be6 40. f4 Bd6 41. Kf2 Rg7 42. Kf3 h5 43.
fxg5+ Kxg5 44. Nd3 Kf6 45. Nf4 Bf7 46. Be8 h4 47. g4 fxg4+ 48. hxg4 Bxf4 49. Kxf4 Be6 50. Bh5 Bc8 51. Rh1 Bxa6 52. Rxh4 Bc4 53. Rh1 Re7 54.
g5+ Kg7 55. Bf3 a5 56. Rh6 Rf7+ 57. Kg4 b5 58. Rd6 a4 59. Bxd5 Rf2 60. Bxc4 bxc4 61.
Rc6 Rxb2 62. Rxc4 a3 63. Ra4 Rb3 64. c4 Rd3 65. d5 Kg6 66. Ra6+ Kg7 67. Kf5 Re3 68.
Ra7+ Kf8 69. d6 Ke8 70. g6 Kd8 71. g7 Rg3 72. Rxa3 Rxg7 73. Ra8+ Kd7 74. Ra7+ Kxd6 75. Rxg7 Kc5 76. Rg4 Kb4 77. Ke6 Kc5 78. Ke5 Kb4 79.
Kd6 Kc3 80. c5 Kd2 81. c6 1-0

[Event "Early-Titled-Tuesday-Blitz-October-03-2023"]
[Site "Chess.com"]
[Date "2023.10.03"]
[Round "8"]
[White "Zablotsky"]
[Black "Sadykov_Ramil"]
[Result "1-0"]
[WhiteElo "2740"]
[BlackElo "2603"]
[TimeControl "180+1"]
[EndTime "9:30:54 PDT"]
[Termination "Zablotsky won on time"]

1. Nf3 Nf6 2. g3 g6 3. b3 Bg7 4. Bb2 O-O 5. Bg2 b6 6. O-O Bb7 7.
c4 c5 8. e3 d5 9. d4 cxd4 10.
exd4 Nc6 11. Re1 dxc4 12. bxc4 Na5 13. Nbd2 Rc8 14. Rc1 e6 15. Qa4 Qd7 16. Qb4 Rfd8 17. Ne5 Qc7 18. Ndf3 Ne8 19. c5 Nf6 20. cxb6 Qxb6 21. Qe7 Rf8 22. Rxc8 Bxc8 23. Ba3 Nd5 24. Qh4 Bf6 25. Qh6 Re8 26. Nxf7 Bg7 27. Qh4 Nc4 28. Bc5 Qa5 29. Nd6 Nxd6 30. Bxd6 Qxa2 31. Be5 Qa3 32. Ng5 h6 33. Bxg7 Kxg7 34. Bxd5 hxg5 35. Qxg5 Qd6 36. Be4 e5 37. d5 Qf6 38. Qe3 Bf5 39. Qxa7+ Re7 40.
Qe3 Rf7 41. Re2 Bxe4 42. Qxe4 Qd6 43. Kg2 Kf6 44. f4 exf4 45. Rf2 Kg7 46. Rxf4 Rd7 47. Qd4+ Kg8 48. Rg4 Kf7 49. Qf4+ Kg8 50. Qxd6 Rxd6 51. Rg5 Kf7 52. h4 Kf6 53. Kf3 Ra6 54. Ke4 Ra4+ 55. Kd3 Ra3+ 56. Kc4 Ra1 57. Kc5 Rc1+ 58. Kd6 Rc2 59.
Kd7 Rc5 60. d6 Rc3 61. Ke8 Re3+ 62. Kd8 Ra3 63. d7 Ra8+ 64. Kc7 Ra7+ 65. Kc6 Ra6+ 66.
Kb7 1-0

[Event "Early-Titled-Tuesday-Blitz-October-03-2023"]
[Site "Chess.com"]
[Date "2023.10.03"]
[Round "8"]
[White "Guzman70"]
[Black "venturov"]
[Result "0-1"]
[WhiteElo "2312"]
[BlackElo "2490"]
[TimeControl "180+1"]
[EndTime "9:30:57 PDT"]
[Termination "venturov won on time"]

1. e4 c5 2. Nc3 e6 3. f4 d5 4.
Nf3 Nc6 5. Bb5 d4 6. Bxc6+ bxc6 7. Nb1 Nf6 8. d3 Nd7 9. Nbd2 Be7 10. O-O O-O 11.
Nc4 Nb6 12. Nce5 Bd7 13. Nxd7 Qxd7 14. b3 f6 15. a4 a5 16. Qe1 Rfe8 17. Bd2 Qa7 18.
Qg3 Nd7 19. Qh3 Bf8 20. g4 g6 21. Kh1 Qc7 22. Rae1 Bg7 23. Re2 Re7 24. Rg2 Rae8 25.
Qg3 e5 26. f5 g5 27. h4 h6 28. Rh2 Rf7 29. Rh3 Kf8 30. Rf2 Ke7 31. Rfh2 Kd6 32.
Qe1 Ra8 33. Kg2 Rff8 34. Qe2 Qb6 35. Qe1 Kc7 36. Qa1 Kb7 37. Kh1 Ka6 38. Rg2 Rh8 39.
Rgh2 Rhg8 40. Rg2 Kb7 41. Rgh2 Nb8 42. Qe1 Qc7 43. Qg3 Na6 44. hxg5 hxg5 45. Rh7 Raf8 46. Kg2 Nb4 47. Bxb4 cxb4 48. R2h5 Rh8 49. Qh2 Rxh7 50. Rxh7 Rg8 51. Qh5 Qe7 52. Nd2 Ka6 53. Nc4 Qf8 54.
Kf3 Qe7 55. Qg6 Qf8 56. Nxe5 fxe5 57. Qxc6+ Ka7 58. Qc7+ Ka6 59. Qc6+ Ka7 60. Qb5 Qd8 61. Qc5+ Kb7 62. Qb5+ Ka7 63. Ke2 Qc7 64. Kd1 Rc8 65. Ke1 Qc3+ 66. Kf1 Rc7 67. Qxa5+ Kb7 68. Qd5+ Qc6 69.
Rxg7 Rxg7 70. Qxe5 Rc7 71. Qxd4 Qxc2 72. Qxb4+ Kc8 73.
Qf8+ Kb7 74. Qb4+ Ka7 75. Qa5+ Kb8 76. Qb4+ Kc8 77. Qf8+ Kd7 78. Qg7+ Kc6 79. Qf6+ Kb7 80. Qxg5 Qxd3+ 81. Kf2 Rc2+ 82. Qd2 Rxd2+ 0-1

[Event "Early-Titled-Tuesday-Blitz-October-03-2023"]
[Site "Chess.com"]
[Date "2023.10.03"]
[Round "8"]
[White "AjedrezenMadrid"]
[Black "RamonManon0g"]
[Result "0-1"]
[WhiteElo "2454"]
[BlackElo "2303"]
[TimeControl "180+1"]
[EndTime "9:30:58 PDT"]
[Termination "RamonManon0g won by checkmate"]

1. Nf3 Nf6 2. b3 g6 3. Bb2 Bg7 4. g3 O-O 5. Bg2 d5 6. c4 c6 7. O-O Bg4 8. d4 Nbd7 9. Nc3 dxc4 10. bxc4 Nb6 11. Ne5 Be6 12. Qb3 Qxd4 13. Nd5 Qc5 14. Ba3 Qd4 15. Nxe7+ Kh8 16. Bb2 Qd6 17. Qa3 Qc7 18.
Rad1 Bxc4 19. Qe3 Bxa2 20. Ba3 Rfe8 21. Nxf7+ Bxf7 22. Bd6 Rxe7 23. Qxe7 Qxe7 24. Bxe7 Nfd5 25. Bc5 a5 26. e4 Na4 27. exd5 Nxc5 28. dxc6 bxc6 29.
Bxc6 Rc8 30. Bb5 Ne4 31. Rfe1 Nc3 32. Rc1 Rb8 33. Bc6 a4 34. Re7 a3 35. Rxf7 Ne2+ 36. Kg2 Nxc1 37. Bd5 a2 38. Bxa2 Nxa2 39. h4 Nc3 40. h5 gxh5 41. Rf5 Ne4 42. Rxh5 Rb2 43.
Rf5 h6 44. Rf4 Ng5 45. Rf5 Kh7 46. Rf4 Kg6 47. Ra4 Kf5 48. Rf4+ Ke6 49. Kh2 Be5 50. Rf8 Bd4 51. Kg2 Ne4 52. Rf4 Ke5 53. Rf8 Nxf2 54.
Rh8 Ng4+ 55. Kh3 Nf2+ 56. Kh4 Be3 57. Re8+ Kd4 58. Rd8+ Kc3 59. Rc8+ Kd2 60. Rd8+ Ke2 61. Kh5 Rb5+ 62. Kg6 Rg5+ 63. Kxh6 Rd5+ 64. Kg6 Rxd8 65. g4 Nxg4 66. Kf5 Rd4 67. Ke6 Kf3 68. Kf5 Re4 69.
Kg6 Re5 70. Kg7 Kf4 71. Kf7 Kf5 72. Kg7 Re6 73. Kf7 Bg5 74. Kg8 Kg6 75. Kh8 Re8# 0-1

[Event "Early-Titled-Tuesday-Blitz-October-03-2023"]
[Site "Chess.com"]
[Date "2023.10.03"]
[Round "8"]
[White "Cambek64"]
[Black "VOneChess"]
[Result "0-1"]
[WhiteElo "2438"]
[BlackElo "2253"]
[TimeControl "180+1"]
[EndTime "9:31:00 PDT"]
[Termination "VOneChess won by resignation"]

1. Nf3 Nf6 2. b3 g6 3. Bb2 Bg7 4. c4 O-O 5. d3 d5 6. Nbd2 c5 7.
cxd5 Nxd5 8. Bxg7 Kxg7 9. e3 Nc6 10. a3 Bg4 11. Qc1 Qa5 12. Be2 Nc3 13. h3 Nxe2 14.
Kxe2 Bf5 15. e4 Be6 16. Qb2+ Kg8 17. Rac1 Rad8 18. Nc4 Qc7 19. Ne3 f5 20. Rxc5 fxe4 21. dxe4 Qd6 22. b4 Qd3+ 23. Ke1 Rxf3 24. gxf3 Nd4 25.
Qxd4 Qxd4 26. Kf1 Qb2 27. Kg2 Rd2 28. Rf1 Bxh3+ 29. Kxh3 Rxf2 30. Rxf2 Qxf2 31. Ng2 Qxf3+ 32. Kh2 Qxe4 33. Kg1 Qb1+ 34. Kh2 Qd3 35. a4 b6 36. Rc6 Qe4 37. Rc8+ Kf7 38. a5 Qxb4 39. axb6 Qxb6 40. Rc2 a5 41. Nf4 a4 42. Kg2 a3 43. Nd3 Qe3 44. Nc5 a2 45. Rxa2 Qxc5 46. Re2 e5 47. Kf3 Qd5+ 48. Kg3 Qd3+ 49. Kf2 e4 50. Ra2 Qf3+ 51.
Kg1 Qd1+ 52. Kh2 e3 53. Ra7+ Kg8 54. Re7 Qh5+ 55. Kg2 Qg5+ 56. Kf3 Qxe7 57. Ke2 h5 58. Kf3 e2 59. Kf4 e1=Q 60. Kf3 Q1e2+ 0-1

[Event "Early-Titled-Tuesday-Blitz-October-03-2023"]
[Site "Chess.com"]
[Date "2023.10.03"]
[Round "8"]
[White "biostatistician"]
[Black "BardArtem"]
[Result "0-1"]
[WhiteElo "2631"]
[BlackElo "2773"]
[TimeControl "180+1"]
[EndTime "9:31:03 PDT"]
[Termination "BardArtem won by resignation"]

1. d4 d5 2. Nf3 e6 3. c4 a6 4.
cxd5 exd5 5. Nc3 h6 6. Bf4 c6 7. e4 dxe4 8. Nxe4 Bb4+ 9. Bd2 Bxd2+ 10. Qxd2 Nf6 11. Nxf6+ Qxf6 12. Qe3+ Qe7 13. Qxe7+ Kxe7 14. O-O-O Be6 15. Bd3 Rd8 16. Rhe1 Kf8 17. a3 Nd7 18. h3 Bd5 19. Be4 Nf6 20. Bxd5 Nxd5 21. g3 f6 22. Nh4 Kf7 23. Re2 Ne7 24. Rde1 Rd7 25. Kc2 Rad8 26. Re4 g5 27. Nf3 Nf5 28. Kc3 c5 29. Rd1 Nd6 30. Re2 Nb5+ 31. Kc4 Nxd4 32. Nxd4 cxd4 33. Red2 Rc8+ 34.
Kb3 Rcd8 35. Kc4 b5+ 36. Kc5 Rc8+ 37. Kb6 Rd6+ 38. Ka5 Rcd8 39. Rd3 Ke6 40. Kb4 h5 41. Kc5 Rd5+ 42. Kb6 R8d6+ 43. Ka5 g4 44. hxg4 hxg4 45. Re1+ Kf5 46. Red1 Ke4 47. Kb4 f5 48. Ka5 f4 49.
Kb4 f3 50. Kb3 Kf5 51. Kc2 a5 52. Re1 Re5 53. Rxe5+ Kxe5 54. Kd2 a4 55. b3 Rc6 56. bxa4 bxa4 57. Kd1 Rc3 58. Kd2 Rxd3+ 59. Kxd3 Kd5 60.
Kd2 Kc4 61. Kc2 d3+ 62. Kd2 Kd4 63. Kd1 Kc3 64. Kc1 Kb3 65. Kd2 Kxa3 66. Kxd3 Kb2 67. Ke4 a3 68. Kf4 a2 69. Kxg4 a1=Q 70. Kxf3 Kc3 71.
Kg4 Kd4 72. f4 Ke4 73. Kg5 Qg7+ 74. Kh5 Qxg3 75. f5 Kxf5 0-1

[Event "Early-Titled-Tuesday-Blitz-October-03-2023"]
[Site "Chess.com"]
[Date "2023.10.03"]
[Round "8"]
[White "santosalberto1987"]
[Black "Xqswdc"]
[Result "1/2-1/2"]
[WhiteElo "2489"]
[BlackElo "2330"]
[TimeControl "180+1"]
[EndTime "9:31:04 PDT"]
[Termination "Game drawn - insufficient material"]

1. e4 g6 2. d4 Bg7 3. Nc3 c6 4. Nf3 d5 5. h3 dxe4 6. Nxe4 Bf5 7. Ng3 Be6 8. Ng5 Qxd4 9. Qxd4 Bxd4 10. Nxe6 fxe6 11.
Bc4 e5 12. O-O Nf6 13. Re1 Rf8 14. Be3 Nbd7 15. c3 Bxe3 16. Rxe3 O-O-O 17. Ne4 Kc7 18. Ng5 Nc5 19. b4 h6 20. Nf3 e4 21. bxc5 exf3 22.
Rxe7+ Rd7 23. Rae1 fxg2 24. Kxg2 Nh5 25. Rxd7+ Kxd7 26. Be6+ Kc7 27. Bg4 Nf4+ 28. Kg3 Rf7 29. Re4 Nd5 30. c4 Nc3 31. Re6 Rg7 32. a3 Na4 33. Re5 Rd7 34. h4 Rf7 35. Be2 b6 36. cxb6+ axb6 37. Bd3 Rf6 38. Re7+ Kd6 39. Rg7 Nb2 40. Be2 Re6 41. Bf1 Kc5 42. Rh7 h5 43. Rb7 Na4 44. Kf4 Rf6+ 45. Ke3 Nb2 46. f4 Re6+ 47. Kf3 Nd1 48. Be2 Ne3 49. Bd3 Nd1 50.
Kg2 Re3 51. Bxg6 Nc3 52. Bxh5 Re4 53. Re7 Rxe7 54. f5 Rg7+ 55. Kf3 Rg8 56. f6 Kd6 57. f7 Rf8 58. Bg6 Ke7 59. h5 b5 60. cxb5 cxb5 61.
Ke3 Nd5+ 62. Kd4 Nf6 63. Kc5 Rb8 64. h6 Kf8 65. h7 Kg7 66. Bd3 Nxh7 67. Bxb5 Nf8 68.
a4 Kf6 69. a5 Kxf7 70. a6 Ke7 71. a7 Ra8 72. Kb6 Nd7+ 73. Bxd7 Kxd7 74. Kb7 Rxa7+ 75.
Kxa7 1/2-1/2

[Event "Early-Titled-Tuesday-Blitz-October-03-2023"]
[Site "Chess.com"]
[Date "2023.10.03"]
[Round "8"]
[White "Antik5"]
[Black "chesslh19"]
[Result "1/2-1/2"]
[WhiteElo "2483"]
[BlackElo "2329"]
[TimeControl "180+1"]
[EndTime "9:31:04 PDT"]
[Termination "Game drawn - timeout vs insufficient material"]

1. c4 e6 2. Nc3 d5 3. d4 Nf6 4.
cxd5 exd5 5. Bg5 c6 6. e3 Be7 7. Bd3 Nbd7 8. Nge2 O-O 9. O-O Re8 10. Qc2 Nf8 11. Rae1 Nh5 12. Bxe7 Qxe7 13. Nd1 Nf6 14. f3 Qd6 15. Ng3 Bd7 16. Nf5 Bxf5 17. Bxf5 g6 18.
Bd3 Ne6 19. Qf2 c5 20. dxc5 Qxc5 21. Re2 Qb6 22. Rc2 Rac8 23. h4 Nc5 24. Qd2 Nxd3 25. Rxc8 Rxc8 26. Qxd3 a6 27. b3 h5 28. Nc3 Re8 29.
Qd4 Qxd4 30. exd4 Re3 31. Na4 Re2 32. Nc5 Rxa2 33. Nxb7 Rd2 34. Nc5 a5 35. Ra1 Rxd4 36.
Rxa5 Rxh4 37. Ra4 Rxa4 38. bxa4 Ne8 39. Kf2 Kf8 40. Ke3 Ke7 41. Kd4 Kd6 42. a5 Nc7 43.
Nb7+ Kc6 44. Nd8+ Kd7 45. Nxf7 Ke6 46. Nh8 Kf6 47. Kc5 Kg7 48. Kc6 d4 49. Kxc7 d3 50. a6 d2 51. a7 d1=Q 52. a8=Q Qc2+ 53. Kd6 Qd2+ 54. Ke5 Qe3+ 55. Kd6 Qd2+ 56. Qd5 Qxd5+ 57. Kxd5 Kxh8 58. Ke6 Kg7 59. f4 Kg8 60. Kf6 Kh7 61.
g3 Kh6 62. f5 gxf5 63. Kxf5 h4 64. gxh4 Kh5 1/2-1/2

[Event "Early-Titled-Tuesday-Blitz-October-03-2023"]
[Site "Chess.com"]
[Date "2023.10.03"]
[Round "8"]
[White "chesskov1982"]
[Black "Eagle_2019"]
[Result "0-1"]
[WhiteElo "2815"]
[BlackElo "2696"]
[TimeControl "180+1"]
[EndTime "9:31:12 PDT"]
[Termination "Eagle_2019 won on time"]

1. d4 d5 2. c4 e6 3. Nc3 Nf6 4. cxd5 exd5 5. Bg5 c6 6. e3 Be7 7. Bd3 O-O 8. Qc2 Nbd7 9. O-O-O b5 10. Kb1 Bb7 11. Bh4 a5 12. Nf3 a4 13. Ne2 b4 14.
Ne5 Nxe5 15. dxe5 Ng4 16. Bg3 g6 17. h3 Nh6 18. h4 c5 19. h5 b3 20. Qc3 g5 21. a3 c4 22. Be4 Re8 23. f4 Qa5 24.
fxg5 Bxg5 25. Bf3 Nf5 26. Bf4 h6 27. g4 Qxc3 28. Nxc3 Nxe3 29. Bxe3 Bxe3 30. Bxd5 Bxd5 31. Rxd5 Rad8 32. Rd6 Bg5 33. Rhd1 Rc8 34. R6d5 Bf4 35. Re1 f6 36. e6 Rc6 37. Rd4 Rcxe6 38. Red1 Be5 39.
Rxc4 Bxc3 40. bxc3 Re4 41. Rxe4 Rxe4 42. Rd8+ Kf7 43.
Rd7+ Ke6 44. Rh7 Rxg4 45. Rxh6 Rh4 46. Rh8 f5 47. Ra8 Kf6 48. h6 Kg6 49. Ra5 Rh1+ 50.
Kb2 Rh2+ 51. Kb1 Rh4 52. Kb2 Kg5 53. Kb1 Kxh6 54. Rxf5 Kg6 55. Rb5 Kf6 56. Rd5 Ke6 57. Rb5 Kd6 58. Rb4 Rxb4 59. axb4 a3 60. Ka1 Kc6 61. c4 Kd6 62. Kb1 Kc6 63. Ka1 Kc7 64.
Kb1 Kd7 65. Ka1 Ke6 66. Kb1 Ke5 67. Ka1 Kd4 68. b5 b2+ 69. Ka2 Kc3 70. b6 Kc2 0-1

[Event "Early-Titled-Tuesday-Blitz-October-03-2023"]
[Site "Chess.com"]
[Date "2023.10.03"]
[Round "8"]
[White "blitzking1729"]
[Black "NelsonLinda"]
[Result "1/2-1/2"]
[WhiteElo "2723"]
[BlackElo "2599"]
[TimeControl "180+1"]
[EndTime "9:31:12 PDT"]
[Termination "Game drawn by repetition"]

1. Nf3 Nf6 2. g3 g6 3. Bg2 Bg7 4. O-O O-O 5. d4 d6 6. c4 Nc6 7. Nc3 e5 8. dxe5 Nxe5 9. Nxe5 dxe5 10. Qxd8 Rxd8 11. Bg5 Rd7 12. h3 c6 13. Rac1 h6 14.
Be3 Rd8 15. Na4 Bf8 16. a3 Be6 17. b4 Nd7 18. Rc3 Rdc8 19. Rfc1 f5 20. b5 e4 21. Bd4 Kf7 22. f3 exf3 23. Bxf3 Nf6 24. bxc6 bxc6 25. Rb3 Rab8 26. Rxb8 Rxb8 27. Bxc6 Bxa3 28.
Ra1 Bd6 29. Nc5 Bxc5 30. Bxc5 Rc8 31. Rxa7+ Kg8 32. Ra6 Bxc4 33. Rb6 Nd5 34. Bxd5+ Bxd5 35. Bd4 Bf7 36. Kf2 Re8 37. h4 Rd8 38. e3 Kh7 39. Rf6 Rd7 40. Rb6 Rd8 41. Rb7 Kg8 42. Ra7 Rc8 43. Kf3 Re8 44. Ra6 Bd5+ 45. Kf2 Bf7 46. h5 gxh5 47. Rxh6 Bd5 48. Rxh5 Be4 49. Rh8+ Kf7 50. Rh7+ Kg6 51. Rg7+ Kh6 52. Ra7 Rc8 53. g4 Rc2+ 54. Kg3 Rg2+ 55. Kf4 Rxg4+ 56. Ke5 Rg6 57.
Bc5 Kg5 58. Be7+ Kg4 59. Ra1 Kf3 60. Bc5 Rc6 61. Bd4 Ke2 62. Ra2+ Rc2 63. Rxc2+ Bxc2 64. Kf4 Be4 65. Bf6 Kd3 66. Be5 Ke2 67. Bd4 Kd3 68.
Be5 Ke2 69. Bd4 Kd3 70. Be5 1/2-1/2

[Event "Early-Titled-Tuesday-Blitz-October-03-2023"]
[Site "Chess.com"]
[Date "2023.10.03"]
[Round "8"]
[White "Polish_fighter3000"]
[Black "Gurvich_Vitaly"]
[Result "1-0"]
[WhiteElo "3068"]
[BlackElo "2727"]
[TimeControl "180+1"]
[EndTime "9:31:15 PDT"]
[Termination "Polish_fighter3000 won by checkmate"]

1. g4 e5 2. Bg2 Nc6 3. c4 Nge7 4. h4 Ng6 5. h5 Nf4 6. Be4 d5 7. cxd5 Nxd5 8. g5 Be6 9. Nf3 Qd7 10. Nc3 O-O-O 11.
d3 f5 12. gxf6 gxf6 13. Bd2 f5 14. Nxd5 Bxd5 15. Bxd5 Qxd5 16. Qb3 e4 17. Qxd5 Rxd5 18. dxe4 fxe4 19. Ng5 Rxd2 20. Kxd2 Bh6 21. Rhg1 Rg8 22.
Ke3 Bxg5+ 23. Kxe4 Re8+ 24. Kd3 h6 25. e3 Ne5+ 26.
Ke2 Nc4 27. Rg4 Nd6 28. Rd1 Kd7 29. b4 Ke6 30. a4 Bf6 31. Rg6 Rh8 32. b5 a6 33.
bxa6 bxa6 34. Rc1 Kf5 35. Rc5+ Ke6 36. Rxc7 Ne4 37. Rc4 Nd6 38. Rc6 Rd8 39. Rxh6 Kf5 40. Rxf6+ Kxf6 41. Rxa6 Ke5 42. Ra5+ Ke6 43. f4 Nf5 44.
Re5+ Kf6 45. a5 Rb8 46. e4 Rb2+ 47. Kd3 Nd6 48. h6 Rb3+ 49. Kd4 Rb1 50. a6 Ra1 51. h7 Nf7 52. Re8 Kg7 53. Re7 Kh8 54. a7 Ra4+ 55. Ke3 Nd6 56. f5 Ra3+ 57. Kf4 Ra4 58. Re6 Ra5 59. Rxd6 Rxa7 60. Re6 Kxh7 61. Rg6 Ra4 62. Rg4 Ra1 63. f6 Rf1+ 64. Ke5 Ra1 65. Ke6 Ra6+ 66. Kf5 Ra1 67. e5 Rf1+ 68. Ke6 Ra1 69. f7 Ra6+ 70. Kf5 Ra8 71. e6 Ra5+ 72. Kf6 Ra1 73. Rh4# 1-0

[Event "Early-Titled-Tuesday-Blitz-October-03-2023"]
[Site "Chess.com"]
[Date "2023.10.03"]
[Round "8"]
[White "invisible_s0ul"]
[Black "Iskusnyh"]
[Result "1-0"]
[WhiteElo "2297"]
[BlackElo "2606"]
[TimeControl "180+1"]
[EndTime "9:31:15 PDT"]
[Termination "invisible_s0ul won on time"]

1. e4 e6 2. d4 d5 3. Nc3 Nf6 4. Bg5 dxe4 5. Nxe4 Nbd7 6. Nf3 h6 7. Bxf6 Nxf6 8. Bd3 Nxe4 9. Bxe4 c5 10. O-O Be7 11. Re1 O-O 12. h3 cxd4 13. Nxd4 Bf6 14. c3 Qb6 15. Nb3 Rd8 16. Qf3 a5 17. Rad1 Bd7 18. Bxb7 Rab8 19. Be4 a4 20. Nd4 Qxb2 21. Bb1 Be8 22. Qe4 g6 23. Qf3 Bg7 24. h4 h5 25.
Ne2 e5 26. Ng3 Qb6 27. Ne4 Bc6 28. Qe3 Qxe3 29. fxe3 Rxd1 30. Rxd1 Rxb1 31. Rxb1 Bxe4 32. Rb4 Bc2 33. Rb5 e4 34. c4 Bd3 35. Rb8+ Kh7 36. c5 Be5 37. Rb7 Kg7 38. c6 Bc4 39. c7 Bxc7 40. Rxc7 Bxa2 41. Ra7 Bb3 42. Kh2 Kf6 43. Kg3 Ke5 44. Ra5+ Kd6 45. Kf4 Kc6 46. Kxe4 Kb6 47. Ra8 Kb5 48. Kd4 Kb4 49. Rb8+ Ka3 50. Kc3 Ka2 51.
e4 Be6 52. Rb2+ Ka3 53. Rb8 Bb3 54. g3 Ka2 55. e5 Kb1 56. Rxb3+ axb3 57. Kxb3 Kc1 58.
Kc3 Kd1 59. Kd3 Ke1 60. Ke3 Kf1 61. Kf3 Kg1 62. g4 hxg4+ 63. Kxg4 Kf2 64. Kf4 Kg2 65. Kg5 Kg3 66. Kf6 Kxh4 67. Kxf7 g5 68. e6 g4 69. e7 g3 70. e8=Q g2 71. Qe1+ Kh3 72. Qg1 Kg3 73. Kf6 Kf3 74. Kf5 Kg3 75. Ke4 1-0

[Event "Early-Titled-Tuesday-Blitz-October-03-2023"]
[Site "Chess.com"]
[Date "2023.10.03"]
[Round "8"]
[White "Brave_spirit12"]
[Black "DefiantChair"]
[Result "0-1"]
[WhiteElo "2751"]
[BlackElo "2571"]
[TimeControl "180+1"]
[EndTime "9:31:19 PDT"]
[Termination "DefiantChair won on time"]

1. e4 c5 2. Nf3 d6 3. d4 cxd4 4. Nxd4 Nf6 5. Nc3 a6 6. a3 e5 7.
Nf3 Be7 8. Bg5 O-O 9. Bc4 Be6 10.
Qe2 Qc7 11. Ba2 Nbd7 12. Bxe6 fxe6 13. O-O Rac8 14. Rad1 b5 15. Nd2 Nb6 16. Be3 Nc4 17. Nxc4 Qxc4 18. Qf3 Nd5 19. Nxd5 exd5 20. Qg4 dxe4 21.
b3 h5 22. Qxh5 Qxc2 23. Qg4 Qxb3 24. h4 Qf7 25. Qxe4 Rc4 26. Qb7 Rxh4 27. g3 Rh7 28.
Kg2 Qe6 29. Rh1 Rxh1 30. Rxh1 d5 31. Re1 Bxa3 32. Bd4 Bd6 33. Qxa6 Qf6 34. Bb6 d4 35. Qa2+ Qf7 36. Qb2 Qf3+ 37. Kg1 Rf6 38. Qa2+ Kh7 39. Bd8 Rh6 40. Bh4 Be7 41. Qb1+ d3 42. Re3 Qc6 43.
Qxd3+ Kg8 44. Qb3+ Kf8 45. Bxe7+ Kxe7 46. Rxe5+ Kd7 47.
Qf7+ Kd8 48. Qe7+ Kc8 49. Qf8+ Kb7 50. Re7+ Ka6 51. Kf1 Rh1+ 52. Ke2 Qc2+ 53. Kf3 Qd1+ 54. Kf4 Qd4+ 55. Kg5 Qc5+ 56. Kg6 Rh6+ 57. Kxg7 Qg5+ 58. Kf7 Rf6+ 59. Ke8 Rxf8+ 60. Kxf8 Qc5 61. Kf7 b4 62. Re6+ Kb5 63. f4 Qc4 64. f5 b3 65. Ke7 b2 66.
f6 b1=Q 67. Re5+ Kb4 68. f7 Qc7+ 69. Kf6 Qf1+ 70. Rf5 Qd6+ 0-1

[Event "Early-Titled-Tuesday-Blitz-October-03-2023"]
[Site "Chess.com"]
[Date "2023.10.03"]
[Round "8"]
[White "MajorCoast"]
[Black "Magila31"]
[Result "1-0"]
[WhiteElo "2266"]
[BlackElo "2384"]
[TimeControl "180+1"]
[EndTime "9:31:23 PDT"]
[Termination "MajorCoast won on time"]

1. d4 Nf6 2. Nf3 g6 3. Nbd2 Bg7 4. e4 d6 5. Bd3 O-O 6. O-O Nbd7 7. Re1 e5 8. dxe5 dxe5 9. b3 Qe7 10. Nc4 Ne8 11.
Ba3 Nd6 12. Nxd6 cxd6 13. Bc4 Nc5 14. Qd2 Bg4 15. Rad1 Bxf3 16. gxf3 Rad8 17. Kh1 Qh4 18. Rg1 Bh6 19. Qd5 Qxf2 20. Rgf1 Qh4 21. Bxc5 Bf4 22. Bg1 Kg7 23. Qxb7 a5 24. Qb6 a4 25. Qf2 Qh5 26. Qg2 f5 27. Rd5 fxe4 28. fxe4 Rf6 29. Be2 Qh6 30.
Rfd1 Be3 31. R5d3 Bxg1 32. Qxg1 Qf4 33. Qg2 Rdf8 34. Rf3 Qxe4 35. Rxf6 Qxg2+ 36. Kxg2 Rxf6 37. Rf1 Re6 38. Bc4 Re7 39. Rf2 Rc7 40. Bd5 a3 41. c4 h5 42. Kf3 Kh6 43. Ke4 Kg5 44. Rg2+ Kh6 45. Be6 Rc5 46. Rf2 Kg5 47. Rf8 Kh4 48. Ra8 g5 49. Rxa3 g4 50. Ra8 Kh3 51. Rh8 h4 52. Rg8 Kxh2 53. Bxg4 Ra5 54. a4 Ra7 55. Be6 Rb7 56. Bd5 Rxb3 57. a5 Ra3 58. Ra8 Kg3 59.
a6 h3 60. a7 h2 61. Rg8+ Kf2 62. Kf5 Rxa7 63. Rh8 Kg1 64. Rg8+ Kf2 65. Rh8 Kg1 66.
Ke6 Ra5 67. Kxd6 e4 68. Bxe4 Ra6+ 69. Kd5 Ra5+ 70. c5 Ra4 71. c6 Ra5+ 72. Kd6 Ra1 73. c7 Rd1+ 74. Bd5 h1=Q 75. Rxh1+ Kf2 76. Rxd1 Ke3 77.
c8=Q Kf4 78. Qf8+ 1-0